 Dungeon Crawl Stone Soup version 0.20-a0-1043-gbd57889 (webtiles) character file.

156 Deemzul the Chopper (level 5, 0/37 HPs)
             Began as an Octopode Berserker on Apr 24, 2017.
             Was a Priest of Trog.
             Slain by Grinder (3 damage)
             ... while paralysed by Grinder
             ... on level 4 of the Dungeon.
             The game lasted 00:02:08 (2403 turns).

Deemzul the Chopper (Octopode Berserker)            Turns: 2403, Time: 00:02:08

Health: 0/37       AC:  1    Str: 20    XL:     5   Next: 38%
Magic:  5/5        EV:  2    Int:  9    God:    Trog [***...]
Gold:   150        SH:  0    Dex: 13    Spells: 4/4 levels left

rFire    . . .     SeeInvis .   a - +0 hand axe
rCold    . . .     Gourm    .   q - +2 buckler
rNeg     . . .     Faith    +   (helmet restricted)
rPois    .         Spirit   .   k - amulet of faith
rElec    .         Reflect  .   o - +4 ring of strength
rCorr    .         Harm     .   (no ring)
MR       .....                  (no ring)
Stlth    +++.......             (no ring)
Regen    0.2/turn               (no ring)
MPRegen  0.1/turn               (no ring)
                                (no ring)
                                (no ring)

@: paralysed
A: almost no armour, stealthy swim, amphibious, 8 rings, constrict 8, camouflage
1, gelatinous body 1
a: Berserk, Trog's Hand, Burn Spellbooks, Renounce Religion


You were on level 4 of the Dungeon.
You worshipped Trog.
Trog was most pleased with you.
You were not hungry.

You visited 1 branch of the dungeon, and saw 4 of its levels.

You collected 150 gold pieces.

Inventory:

Hand Weapons
 a - a +0 hand axe (weapon)
Armour
 q - a +2 buckler (worn)
Jewellery
 k - an amulet of faith (around mantle)
 o - a +4 ring of strength (left tentacle)
Wands
 n - a wand of random effects (23/48)
Scrolls
 d - 2 scrolls of identify {unknown}
 e - 5 scrolls of remove curse {unknown}
 g - 5 scrolls of teleportation {unknown}
 i - a scroll of fear {unknown}
 j - 2 scrolls of magic mapping {unknown}
 p - 2 scrolls of blinking {unknown}
Potions
 c - 4 potions of haste {unknown}
 f - 4 potions of curing {unknown}
 h - 2 potions of heal wounds {unknown}
 m - a potion of invisibility {unknown}
 t - 2 potions of agility {unknown}
Books
 l - a book of Cantrips

   Spells                             Type                      Level
   a - Confusing Touch                Hexes                        1
   b - Animate Skeleton               Necromancy                   1
   c - Summon Small Mammal            Summoning                    1
   d - Apportation                    Translocation                1
   Trog disapproves of the use of such an item.
Comestibles
 b - 2 bread rations
 r - 4 royal jellies
 s - 2 meat rations
 u - 2 chunks of flesh


   Skills:
 + Level 3.7 Fighting
 * Level 4.5 Axes
 + Level 3.5 Dodging
 + Level 2.4 Stealth
 + Level 0.6 Shields


You had 4 spell levels left.
You didn't know any spells.

Dungeon Overview and Level Annotations

Branches:
Dungeon (4/15)
 Temple: D:4-7

Altars:
Ashenzari
Hepliaklqana
Nemelex Xobeh
Okawaru
Ru
Vehumet
Xom
Yredelemnul

Annotations:
D:4 Grinder


Innate Abilities, Weirdness & Mutations

You cannot wear most types of armour.
You are very stealthy in the water. (Stealth+)
You are amphibious.
You can wear up to eight rings at the same time.
You can use your tentacles to constrict eight enemies at once.
Your skin changes colour to match your surroundings (Stealth+).
Your rubbery body absorbs attacks. (AC +1, EV +1)


Message History

Grinder comes into view.
Grinder shouts!
Grinder blinks!
Found a scroll labeled DOXZIVIAQE.
The iguana hisses angrily.
The iguana bites you. Grinder gestures at you.
You suddenly lose the ability to move!
Found a gilded ring.
The iguana bites you. Grinder gestures at you.
You resist with significant effort. The iguana bites you!
Grinder gestures at you.
You shrug off the repeated paralysis!
The iguana bites you. Grinder hits you.
A hound comes into view.
The iguana bites you. Grinder hits you!
* * * LOW HITPOINT WARNING * * *
You writhe in agony.
You die...

#.# .. #.#
h# #.####.#
#.#..#.#
#.#....#
#......#
#......+
#<..@5.#
#....l....#
#.#.##....#
#.#.# ....#
#.#.# ...#
#.#?. .=.#
#.### ..#
#.. ..#


You could see Grinder, an iguana and a hound (wandering).

Vanquished Creatures
  A centaur skeleton (D:3)
  Jessica (D:2)
  Robin (D:2)
  An adder (D:3)
  A worm (D:2)
  A dart slug (D:2)
  5 leopard geckos
  2 giant cockroaches
  15 goblins
  6 hobgoblins
  6 kobolds
  A quokka (D:2)
  3 ball pythons (D:3)
  11 bats
  5 frilled lizards
  11 rats
71 creatures vanquished.

Notes
Turn   | Place    | Note
-------+----------+-------------------------------------------
     0 | D:1      | Deemzul the Octopode Berserker began the quest for the Orb.
     0 | D:1      | Reached XP level 1. HP: 16/16 MP: 1/1
   170 | D:1      | Reached XP level 2. HP: 21/21 MP: 2/2
   419 | D:1      | Reached skill level 1 in Stealth
   439 | D:1      | Reached ** piety under Trog
   626 | D:1      | Reached XP level 3. HP: 26/26 MP: 3/3
   715 | D:2      | Noticed Jessica
   724 | D:2      | Killed Jessica
   987 | D:2      | Found a sparkling altar of Nemelex Xobeh.
   988 | D:2      | Found an iron altar of Okawaru.
   988 | D:2      | Found a radiant altar of Vehumet.
   989 | D:2      | Found a shimmering altar of Xom.
   989 | D:2      | Found a hazy altar of Hepliaklqana.
   991 | D:2      | Found a sacrificial altar of Ru.
   991 | D:2      | Found a basalt altar of Yredelemnul.
   992 | D:2      | Found a shattered altar of Ashenzari.
   996 | D:2      | Reached XP level 4. HP: 30/31 MP: 4/4
  1160 | D:2      | Noticed Robin
  1169 | D:2      | Killed Robin
  1169 | D:2      | Reached skill level 4 in Axes
  1901 | D:3      | Reached *** piety under Trog
  2048 | D:3      | Reached XP level 5. HP: 36/36 MP: 5/5
  2306 | D:3      | Noticed a phantom
  2397 | D:4      | Noticed Grinder
  2399 | D:4      | Paralysed by Grinder for 7 turns
  2403 | D:4      | Slain by Grinder

Vault maps used:
D:1:      mrwooster_arrival_statue
D:2:      grunt_temple_overflow_open, st_stairs_7, uniq_jessica, uniq_robin
D:4:      first_bread, serial_shops, nicolae_shop_behind_doors,
          kennysheep_mini_moat, nicolae_shop_waterfront, nicolae_shop_stone,
          nicolae_shop_waterfront, minmay_misc_feat_columns, xom_teletrap_fun,
          uniq_grinder

Skill      XL: |  1  2  3  4 |
---------------+-------------+-----
Stealth        | 1 2 |  2.4
Axes           | 4 |  4.5
Fighting       | |  3.7
Dodging        | |  3.5
Shields        | |  0.6

Action                   |  1- 3 |  4- 6 || total
-------------------------+-------+-------++-------
Melee: Hand axe          |    52 |    57 ||   109
       Constrict         |    16 |    14 ||    30
       Tentacles         |     6 |    19 ||    25
Invok: Berserk           |       |     1 ||     1
 Stab: Sleeping          |     8 |     5 ||    13
  Eat: Chunk             |       |     6 ||     6
Armor: Skin              |     3 |     2 ||     5
Dodge: Dodged            |    31 |    26 ||    57
Block: Buckler           |       |     3 ||     3
